 Dungeon Crawl Stone Soup version 0.18.1-6-gd335043 (webtiles) character file.

997161 zkyp the Archmage (level 27, -1/179 HPs)
             Began as a Deep Elf Arcane Marksman on May 19, 2016.
             Was the Champion of Vehumet.
             Blown up by Gip Lume (54 damage)
             ... with an orb of destruction
             ... on level 26 of a ziggurat on May 20, 2016.
             The game lasted 06:35:26 (118657 turns).

zkyp the Archmage (Deep Elf Arcane Marksman)      Turns: 118657, Time: 06:35:27

Health: -1/179     AC: 45    Str: 17      XL:     27
Magic:  37/65      EV: 24    Int: 37 (38) God:    Vehumet [******]
Gold:   7392       SH: 19    Dex: 21      Spells: 11 memorised, 13 levels left

rFire  + . .     SeeInvis .     P - staff of energy {!a}
rCold  . . .     Gourm    .     k - +8 pearl dragon armour
rNeg   + + +     Faith    .     X - +5 shield of the Jabberwock {rPois Int+3 Dex+2}
rPois  ∞         Spirit   .     O - +2 helmet {Int+3}
rElec  +         Dismiss  .     s - +1 cloak {MR+}
rCorr  +         Reflect  .     B - +2 pair of gloves {archery}
SustAt .         Harm     .     H - +1 pair of boots of the Fiend {Regen+ rCorr Str+6 Dex-2}
MR     +++++                    C - amulet "Heheul" {*Drain Regen+ Str+3 Dex+4}
Stlth  ..........               u - ring of Qag Agh {rElec MP+9 Dex+3}
                                r - ring of fire

@: lich-form, contaminated, hasted, glowing, deflect missiles, very quick,
almost entirely resistant to hostile enchantments, extremely unstealthy
A: magic resistance 1
a: End Transformation, Renounce Religion
}: 5/15 runes: barnacled, slimy, silver, golden, gossamer


You were on level 26 of a ziggurat.
You worshipped Vehumet.
Vehumet was exalted by your worship.
You were not hungry.
You were a lich.
You visited 13 branches of the dungeon, and saw 64 of its levels.
You visited 2 ziggurats, and saw 38 of their levels (deepest: 26).
You also visited: Ossuary, Ice Cave and Wizlab.

You collected 13319 gold pieces.
You spent 5927 gold pieces at shops.

Inventory:

Hand Weapons
 b - a +9 double sword of flaming
 c - the +1 demon blade of Guile {vamp, rElec rC+ Int-5 Dex+4}
   (You found it on level 5 of the Vaults)

   It inflicts no extra harm, but heals its wielder somewhat when it strikes a
   living foe.
   It affects your intelligence (-5).
   It affects your dexterity (+4).
   It protects you from cold.
   It insulates you from electricity.
 d - a +5 eudemon blade of holy wrath
Armour
 k - a +8 pearl dragon armour (worn)
 s - a +1 cloak of magic resistance (worn)
 B - a +2 pair of gloves of archery (worn)
 H - the +1 pair of boots of the Fiend (worn) {Regen+ rCorr Str+6 Dex-2}
   (You found it on level 25 of a ziggurat)

   It affects your strength (+6).
   It affects your dexterity (-2).
   It increases your rate of regeneration.
   It protects you from acid and corrosion.
 O - a +2 helmet of intelligence (worn)
 R - a +2 pair of boots of running
 S - the +4 large shield of Modesty {rCorr Int-3 Slay+6}
   (You took it off a daeva on level 17 of a ziggurat)

   It affects your intelligence (-3).
   It affects your accuracy and damage with ranged weapons and melee attacks
   (+6).
   It protects you from acid and corrosion.
 X - the +5 shield of the Jabberwock (worn) {rPois Int+3 Dex+2}
   (You found it on level 8 of the Lair of Beasts)

   It affects your intelligence (+3).
   It affects your dexterity (+2).
   It protects you from poison.
Magical Staves
 a - an uncursed staff of conjuration {!a}
 o - an uncursed staff of cold
 w - an uncursed staff of wizardry {!a}
 P - an uncursed staff of energy (weapon) {!a}
Jewellery
 g - an uncursed ring of sustain attributes
 i - the ring "Poecic" {rCorr Int+3 Dex+3 SInv, unknown}
   (You found it on level 25 of a ziggurat)

   [ring of resist corrosion]

   It affects your intelligence (+3).
   It affects your dexterity (+3).
   It lets you see invisible.
 m - the ring "Vuilyis" {rPois Str+3 Int+3 SInv}
   (You found it on level 2 of the Crypt)

   [ring of strength]

   It affects your strength (+3).
   It affects your intelligence (+3).
   It protects you from poison.
   It lets you see invisible.
 r - a ring of fire (left hand)
 u - the ring of Qag Agh (right hand) {rElec MP+9 Dex+3}
   (You found it on level 23 of a ziggurat)

   [ring of magical power]

   It affects your dexterity (+3).
   It insulates you from electricity.
   It affects your magic capacity (+9).
 x - the ring of Limitation {Wiz Str+7 Int+4}
   (You found it on level 24 of a ziggurat)

   [ring of wizardry]

   It improves your spell success rate.
   It affects your strength (+7).
   It affects your intelligence (+4).
 C - the amulet "Heheul" (around neck) {*Drain Regen+ Str+3 Dex+4}
   (You found it on level 2 of the Crypt)

   [amulet of regeneration]

   It affects your strength (+3).
   It affects your dexterity (+4).
   It increases your rate of regeneration.
   It causes draining when unequipped.
 F - the amulet of Vitality {Regen+ HP+15}
   (You found it on level 22 of a ziggurat)

   [amulet of regeneration]

   It affects your health (+15).
   It increases your rate of regeneration.
 J - an uncursed ring of flight
 K - a ring of the Octopus King {MP+9 AC+1 EV+1 Str+1 Int+1 Dex+1}
   (You took it off an ancient champion on level 3 of the Crypt)

   [ring of magical power]

   It affects your AC (+1).
   It affects your evasion (+1).
   It affects your strength (+1).
   It affects your intelligence (+1).
   It affects your dexterity (+1).
   It affects your magic capacity (+9).
Wands
 p - a wand of heal wounds (2/9)
 t - a wand of disintegration (12/24)
 z - a wand of teleportation (7/9)
 U - a wand of heal wounds (8/9)
 V - a wand of hasting (4/9)
 Z - a wand of digging (14/24)
Scrolls
 h - 15 scrolls of fog
 n - 6 scrolls of holy word
 q - 16 scrolls of teleportation
 v - 44 scrolls of remove curse {@r1}
 y - 3 scrolls of summoning
 E - 7 scrolls of blinking
 L - 2 scrolls of amnesia
 M - 14 scrolls of magic mapping
 W - 16 scrolls of recharging
Potions
 e - 4 potions of invisibility
 j - 13 potions of agility
 l - 12 potions of might
 A - 24 potions of cure mutation {!q}
 D - 5 potions of cancellation
 G - 13 potions of heal wounds
 I - 11 potions of resistance
 N - 12 potions of brilliance
 Q - 8 potions of haste
 T - 4 potions of magic
 Y - 36 potions of curing {@q1}
Comestibles
 f - 22 bread rations {@e1}


   Skills:
 + Level 19.8 Fighting
 - Level 19.2 Long Blades
 - Level 5.3 Staves
 - Level 2.0 Throwing
 - Level 18.5 Armour
 - Level 18.0 Dodging
 - Level 15.0 Shields
 O Level 27 Spellcasting
 - Level 23.4 Conjurations
 - Level 6.0 Hexes
 - Level 16.9 Charms
 - Level 23.0 Necromancy
 - Level 4.6 Translocations
 - Level 17.5 Transmutations
 - Level 22.7 Fire Magic
 - Level 5.2 Air Magic
 - Level 23.4 Earth Magic
 - Level 16.4 Evocations


You had 13 spell levels left.
You knew the following spells:

 Your Spells              Type           Power        Failure   Level  Hunger
a - Necromutation         Trmt/Necr      ########..   1%          8    N/A
b - Blink                 Tloc           N/A          1%          2    N/A
c - Bolt of Magma         Conj/Fire/Erth ########..   0%          5    N/A
d - Ring of Flames        Chrm/Fire      ########..   1%          7    N/A
e - Regeneration          Chrm/Necr      ########..   0%          3    N/A
f - Haste                 Chrm           ########     1%          6    N/A
i - Borgnjor's Revivific  Necr           ########..   1%          8    N/A
l - Silence               Hex/Air        ######....   2%          5    N/A
s - Deflect Missiles      Chrm/Air       #######...   1%          6    N/A
x - Lehudib's Crystal Sp  Conj/Erth      ########..   1%          8    N/A
z - Fire Storm            Conj/Fire      ########..   3%          9    N/A

Dungeon Overview and Level Annotations

Branches:
Dungeon (15/15)            Temple (1/1) D:7            Lair (8/8) D:9
 Shoals (4/4) Lair:3       Spider (4/4) Lair:3        Slime (6/6) Lair:6
    Orc (2/2) D:12            Elf (3/3) Orc:2        Vaults (5/5) D:13
  Crypt (3/3) Vaults:3       Tomb (3/3) Crypt:3      Depths (5/5) D:15
    Zot (5/5) Depths:5

Altars:
Ashenzari
Cheibriados
Dithmenos
Elyvilon
Fedhas
Gozag
Kikubaaqudgha
Makhleb
Nemelex Xobeh
Okawaru
Pakellas
Qazlal
Ru
Sif Muna
Trog
Vehumet
Xom
Yredelemnul
Zin
The Shining One

Shops:
D:7 }![((   D:8 (   D:9 ?   Orc:2 %:?[   Shoals:3 !   Vaults:3 *   Vaults:5 %!
Depths:3 !%!!   Depths:4 [   Depths:5 :(

Portals:
Hell: Depths:1 Depths:2 Depths:3 Depths:4 Depths:5
Abyss: Depths:4
Pandemonium: Orc:2 Depths:1 Depths:3 Depths:5

Annotations:
D:9 Denapoli's ghost, novice HOFi
D:11 2 runed doors
Elf:2 3 runed doors
Depths:4 3 runed doors
Zot:5 1 exclusion


Innate Abilities, Weirdness & Mutations

You are resistant to hostile enchantments.


Message History

Your fire vortex is engulfed in freezing vapours.
Your fire vortex dissipates!
The Killer Klown pounds your fire vortex!!
The battlesphere is engulfed in roaring flames.
Lotraz is engulfed in freezing vapours.
Lotraz gestures at you.
You convulse!
* * * LOW HITPOINT WARNING * * *
Your fire vortex is engulfed in freezing vapours.
A tormentor comes into view.
Read which item? (? for menu, Esc to quit)
Blink to where?
Press: ? - help, Dir - move target cursor, p - Zeocw
As you read the scroll of blinking, it crumbles to dust.
Evoke which item? (* to show all) (? for menu, Esc to quit)
Zapping:
p - a wand of heal wounds (3/9)
Press: ? - help, Shift-Dir - straight line, f - you You feel much better.
This wand has 2 charges left.
The orb of destruction hits you!
You die...

......▓▓▓ ........▓▓
.........▓▓▓ ...........▓
...........▓▓
............▓▓
.............▓▓
...........L......▓
............§......▓▓
....§...........§.......▓
..v.............§.......▓
§.#.#............§......▓
.§.§.............§......▓
#2§...#...........§.....▓▓
§p§#..........4§..§...∩..▓
#&&...#..........§§§§...▓▓


You could see a red devil.

Vanquished Creatures
  the Royal Jelly (Slime:6)
  6 orbs of fire (Zot:5)
  The ghost of PeterLawrence the Conqueror, a legendary MiFi of the Shining One (Zig:10)
  13 ancient liches
  3 juggernauts
  Sojobo (Depths:4)
  30 greater mummies
  The ghost of Shtopit the Grand Master, a veteran DsBe of Trog (Tomb:2)
  Boris (twice) (Crypt:2 Vaults:5)
  16 pandemonium lords
  Frederick (Tomb:3)
  Norris (Depths:2)
  13 Killer Klowns
  A caustic shrike (shapeshifter) (Zig:18)
  2 curse toes
  Jory (Depths:3)
  34 golden dragons
  Nikola (Vaults:3)
  8 Tzitzimimeh (Zig:24)
  Xtahua (Crypt:3)
  2 profane servitors
  4 pearl dragons (Zig:17)
  4 iron giants (Zig:15)
  2 bone dragons
  A Hellbinder (WizLab)
  6 electric golems
  12 liches
  7 Hell Sentinels
  Jorgrun (Spider:2)
  19 tentacled monstrosities
  6 quicksilver dragons
  21 Orb Guardians (Zot:5)
  2 deep elf blademasters (Elf:3)
  A deep elf master archer (Elf:3)
  A sphinx (shapeshifter) (Zig:26)
  18 ancient champions
  4 tentacled starspawn
  3 Executioners
  40 acid blobs
  7 death cobs
  2 thorn hunters
  10 sphinxes
  Gastronok (D:9)
  10 draconian monks
  14 tengu reavers
  Kirke (Spider:3)
  18 shadow dragons
  22 revenants
  Ilsuiw (Shoals:4)
  7 greater nagas
  10 daevas
  18 azure jellies
  22 storm dragons
  Wiglaf (Spider:4)
  Donald (Vaults:1)
  13 fire giants
  18 frost giants
  10 deep elf sorcerers
  Maud (D:12)
  A cacodemon (Zig:16)
  3 balrugs
  A draconian zealot (Zot:5)
  2 warmongers (Zig:16)
  6 draconian scorchers
  7 emperor scorpions
  5 draconian knights
  12 vault wardens
  4 iron dragons
  10 curse skulls
  8 ghost moths
  4 deep elf elementalists (Elf:3)
  6 angels (Zig:17)
  11 draconian annihilators
  5 war gargoyles
  3 spriggan defenders
  7 draconian shifters
  7 reapers
  6 blood saints
  6 draconian callers
  15 ironheart preservers
  7 green draconians
  20 stone giants
  11 ghouls
  3 chaos champions
  An apis (shapeshifter) (Zig:18)
  19 very ugly things
  16 vampire knights
  5 ophanim (Zig:17)
  3 apis (Zig:17)
  14 yellow draconians
  8 red draconians
  9 deep elf demonologists
  2 bennus (Tomb:3)
  11 white draconians
  7 purple draconians
  7 mottled draconians
  10 deep elf annihilators
  4 spark wasps
  14 deep elf death magi
  9 black draconians
  8 black suns
  27 vault guards
  23 green deaths
  4 blizzard demons
  18 eidola
  Snorg (D:13)
  14 ettins
  6 merfolk javelineers
  29 fire dragons
  A spectral golden dragon (Zig:24)
  26 yaktaur captains
  9 death oozes
  15 jiangshi
  16 great orbs of eyes
  13 merfolk impalers
  33 mummy priests
  4 deep elf high priests
  26 ice dragons
  A quicksilver dragon zombie (Tomb:2)
  6 rakshasas
  A quicksilver dragon skeleton (Crypt:2)
  18 entropy weavers
  28 hydras
  13 spriggan air magi
  3 naga warriors
  4 hell beasts
  14 ogre magi
  3 merfolk avatars
  3 monstrous demonspawn (Zig:16)
  10 death knights
  3 ghost crabs
  14 centaur warriors
  An alligator snapping turtle (shapeshifter) (Zig:18)
  A spectral sphinx (Zig:24)
  3 anacondas
  3 satyrs
  9 merfolk aquamancers
  Erica (D:8)
  An alligator (shapeshifter) (Depths:5)
  8 dancing weapons
  4 catoblepae
  10 deep troll shamans
  20 death yaks
  4 alligator snapping turtles
  2 hell hogs (Depths:2)
  13 alligators
  The ghost of Uhlv the Fighter, a novice OgBe of Trog (D:8)
  6 tengu warriors
  8 spriggan berserkers
  A spectral spriggan (Zig:24)
  4 orc high priests (Orc:2)
  A thrashing horror (Zig:7)
  6 deep troll earth magi
  2 shock serpents
  13 vampire magi
  2 naga sharpshooters (Zig:12)
  13 soul eaters
  15 deep elf knights
  An iron giant zombie (Crypt:3)
  4 spriggans
  A shock serpent (shapeshifter) (Zig:18)
  6 hell knights
  2 iron golems (Zig:15)
  2 sun demons (WizLab)
  13 shadow wraiths
  A wretched star (Zig:10)
  32 skeletal warriors
  A fire crab (Vaults:5)
  34 death scarabs
  10 wizards
  19 death drakes
  An infernal demonspawn (Orc:2)
  3 iron trolls
  5 salamander mystics
  8 unseen horrors
  17 swamp dragons
  8 sea snakes
  23 deep trolls
  4 spriggan druids
  2 golden dragon zombies
  5 naga ritualists
  7 hill giants
  9 flayed ghosts
  5 shambling mangroves
  2 gelid demonspawn (Orc:2)
  3 cherubim (Zig:17)
  6 giant orange brains
  A shadow demon (Zig:16)
  2 anubis guards (shapeshifter)
  A shadow dragon zombie (Tomb:1)
  An orange crystal statue (Depths:5)
  15 deep elf archers
  2 wolf spider zombies
  An obsidian statue (Depths:3)
  65 deep elf magi
  14 phantasmal warriors
  16 harpies
  15 ironbrand convokers
  2 swamp dragons (shapeshifter)
  A torturous demonspawn (Orc:2)
  A golden dragon skeleton (Zig:6)
  17 necromancers
  22 anubis guards
  13 fauns
  A mana viper (Zig:12)
  20 orb spiders
  An orb spider (shapeshifter) (Depths:4)
  3 frost giant zombies
  31 wolf spiders
  6 oklob plants
  12 griffons
  67 ugly things
  A faun (shapeshifter) (Depths:3)
  2 wolf spiders (shapeshifter)
  A tengu skeleton (Vaults:5)
  17 cyclopes
  21 orc knights
  A salamander (shapeshifter) (D:14)
  2 cyclopes (shapeshifter)
  9 manticores
  20 orc sorcerers
  13 shining eyes
  4 hornets (shapeshifter) (Depths:3)
  A stone giant skeleton (Crypt:2)
  4 salamanders (Depths:1)
  17 hornets
  An iron dragon skeleton (Tomb:1)
  31 moths of wrath
  A sixfirhy (Orc:2)
  6 human skeletons
  Maurice (D:13)
  A manticore (shapeshifter) (Zig:18)
  An elephant (shapeshifter) (Vaults:2)
  3 frost giant skeletons
  16 sirens
  5 stone giant zombies
  2 shadow dragon skeletons
  3 fire giant zombies
  13 black mambas
  A moth of wrath (shapeshifter) (Depths:3)
  12 naga magi
  9 water nymphs
  A guardian serpent (shapeshifter) (Depths:3)
  4 elephants (Lair:6)
  4 torpor snails
  5 guardian serpents
  2 rust devils (WizLab)
  2 ice statues
  17 vault sentinels
  A dire elephant zombie (Crypt:2)
  A black mamba (shapeshifter) (Vaults:3)
  2 molten gargoyles (Depths:1)
  7 orange demons
  2 gargoyles (Zig:15)
  2 apocalypse crabs
  8 eyes of devastation
  A smoke demon (Zig:3)
  2 storm dragon simulacra
  18 spiny frogs
  7 kobold demonologists
  A purple draconian zombie (Crypt:3)
  A yaktaur zombie (Vaults:2)
  A spiny frog (shapeshifter) (Vaults:4)
  A catoblepas zombie (Crypt:2)
  11 rime drakes
  A rime drake (shapeshifter) (Vaults:2)
  5 hellions
  A komodo dragon (shapeshifter) (Depths:3)
  37 yaktaurs
  11 freezing wraiths
  11 komodo dragons
  14 demonic crawlers
  A spark wasp simulacrum (Depths:1)
  2 tormentors
  An efreet (D:15)
  2 hydra zombies
  5 ice devils
  An ancient zyme (Zig:7)
  5 tengu conjurers
  A hellwing (Zig:16)
  A red draconian skeleton (Crypt:1)
  An entropy weaver zombie (Depths:1)
  A sea snake skeleton (Crypt:1)
  55 guardian mummies
  3 harpy zombies
  39 merfolk
  3 red devils
  2 merfolk (shapeshifter)
  34 jumping spiders
  A queen bee (Lair:5)
  A shadow dragon simulacrum (Crypt:3)
  A wolf spider simulacrum (Crypt:3)
  9 giant leeches
  A troll (shapeshifter) (Vaults:5)
  A polar bear (shapeshifter) (D:15)
  2 raiju (Zig:10)
  A sphinx simulacrum (Zig:10)
  A yaktaur skeleton (Vaults:2)
  20 two-headed ogres
  A queen bee (shapeshifter) (Vaults:3)
  7 trolls
  6 wind drakes
  16 polar bears
  An ice dragon zombie (Crypt:3)
  A boulder beetle (shapeshifter) (Zig:18)
  94 slime creatures
  A two-headed ogre (shapeshifter) (Depths:3)
  12 blink frogs
  8 bog bodies
  42 ushabtiu
  A hydra skeleton (Crypt:2)
  A fire dragon zombie (Crypt:2)
  An alligator zombie (Tomb:1)
  6 snapping turtles
  3 boulder beetles
  A blink frog (shapeshifter) (Depths:3)
  An ettin zombie (Tomb:1)
  A frost giant simulacrum (Depths:1)
  50 flying skulls
  2 stone giant simulacra
  A spriggan (shapeshifter) (Depths:3)
  6 air elementals
  8 shadows
  2 ettin skeletons (Vaults:5)
  An ice dragon skeleton (Crypt:2)
  An alligator skeleton (Crypt:3)
  A yak (shapeshifter) (D:15)
  A tarantella (shapeshifter) (Depths:3)
  91 redbacks
  34 tarantellas
  3 basilisks
  13 wraiths
  76 yaks
  30 water elementals
  3 ynoxinuls
  7 hogs (Spider:3)
  2 fire bats (Depths:1)
  2 fire elementals (Elf:1)
  7 golden eyes
  3 wyverns
  A basilisk (shapeshifter) (Vaults:1)
  15 hippogriffs
  Menkaure (D:5)
  2 neqoxecs
  A hungry ghost (D:14)
  7 steam dragons
  10 mottled dragons
  2 chaos spawn
  4 insubstantial wisps
  20 vampire mosquitoes
  A swamp worm (shapeshifter) (Depths:1)
  5 large abominations
  A glowing shapeshifter zombie (Crypt:1)
  A putrid demonspawn zombie (Crypt:3)
  2 water moccasins (shapeshifter)
  16 wargs
  9 hell hounds
  2 giant eyeballs (shapeshifter)
  A putrid demonspawn skeleton (Crypt:1)
  19 water moccasins
  2 giant eyeballs
  14 porcupines
  5 sky beasts
  81 orc warriors
  21 swamp drakes
  6 ice beasts
  3 black bears
  2 eyes of draining (shapeshifter) (Vaults:3)
  8 eyes of draining
  A spriggan simulacrum (Depths:1)
  17 centaurs
  7 necrophages
  7 phantoms
  20 wasps
  A lindwurm zombie (Crypt:1)
  A wolf (shapeshifter) (D:7)
  48 ogres
  11 boggarts
  28 wolves
  An ogre (shapeshifter) (Depths:3)
  A blink frog skeleton (Crypt:2)
  11 crocodiles
  13 big kobolds
  2 elf zombies
  2 wyvern zombies
  23 giant frogs
  An octopode zombie (Crypt:2)
  6 gnoll sergeants (D:12)
  A rime drake skeleton (Crypt:1)
  An earth elemental (Elf:2)
  A draconian skeleton (Crypt:3)
  A human simulacrum (Vaults:1)
  3 small abominations
  A wyvern skeleton (D:9)
  A queen bee zombie (Crypt:2)
  23 scorpions
  A water moccasin skeleton (D:11)
  A swamp dragon simulacrum (Tomb:2)
  41 killer bees
  2 howler monkeys
  38 wights
  A spriggan skeleton (Crypt:1)
  An electric eel (Spider:2)
  6 crimson imps
  A giant frog zombie (D:12)
  5 centaur zombies
  11 hounds
  14 human zombies
  36 orc priests
  Crazy Yiuf (D:3)
  A giant frog skeleton (D:12)
  36 jellies
  An iron imp (Depths:1)
  A centaur skeleton (D:11)
  14 iguanas
  27 orc wizards
  13 worker ants
  A lightning spire (Zig:12)
  32 sheep
  A killer bee zombie (D:11)
  An ogre zombie (Crypt:3)
  2 dwarf zombies
  A crocodile skeleton (Crypt:1)
  An ogre skeleton (Crypt:3)
  A big kobold skeleton (Crypt:1)
  62 mummies
  A hound skeleton (D:11)
  2 howler monkey skeletons
  12 adders
  A hell rat skeleton (Crypt:3)
  A scorpion zombie (Ossuary)
  11 gnolls
  32 river rats
  4 shadow imps
  12 white imps (D:12)
  An iguana skeleton (Crypt:2)
  An iguana zombie (Crypt:3)
  2 adder skeletons (D:9)
  An adder zombie (D:7)
  A worm (D:3)
  3 dart slugs
  10 giant geckos
  127 orcs
  3 ball pythons
  6 giant cockroaches
  2 gnoll zombies
  3 hobgoblins
  18 jackals
  4 quokkas
  10 bats
  A giant cockroach zombie (D:5)
  11 giant newts
  10 goblins
  A goblin zombie (Ossuary)
  4 hobgoblin zombies (Ossuary)
  29 kobolds
  5 kobold zombies (Ossuary)
  4 orc zombies
  21 rats
  A rat zombie (D:7)
  4 fire vortices
  2 lost souls
  17 plants
  3 starspawn tentacles (Zig:10)
4270 creatures vanquished.

Vanquished Creatures (collateral kills)
  A pandemonium lord (Zig:26)
  4 greater mummies
  A golden dragon (Zig:14)
  A tentacled monstrosity (Zig:12)
  A quicksilver dragon (Zig:19)
  4 Orb Guardians (Zot:5)
  5 acid blobs
  An ancient champion (Crypt:2)
  A tengu reaver (Vaults:5)
  A shadow dragon (Zig:24)
  A storm dragon (Vaults:5)
  A greater naga (Zig:25)
  A revenant (Crypt:3)
  2 fire giants
  2 ghouls (Zig:20)
  A starcursed mass (Zig:7)
  2 draconian annihilators (Zot:5)
  2 stone giants
  A green draconian (Zot:4)
  An apis (Zig:17)
  An eidolon (Crypt:3)
  A vault guard (Vaults:5)
  A hell beast (Zig:16)
  An entropy weaver (Depths:4)
  A merfolk avatar (Zig:11)
  An alligator snapping turtle (Zig:11)
  A titan zombie (Crypt:3)
  A shadow wraith (Zig:24)
  A deep troll (Depths:3)
  2 death scarabs (Tomb:3)
  A shambling mangrove (Zig:13)
  A stone giant zombie (Zig:2)
  An eye of devastation (Slime:6)
  6 slime creatures
  2 flying skulls (Tomb:1)
  A tarantella (Depths:5)
  4 golden eyes
  An orc warrior (Zig:4)
  2 wasps (Zig:13)
  A swamp drake (Zig:14)
  2 eyes of draining
  A swamp dragon skeleton (Crypt:2)
  7 jellies
  7 mummies
82 creatures vanquished.

Vanquished Creatures (others)
  A tengu reaver (Vaults:4)
  A fire giant (Vaults:5)
  An ironheart preserver (Vaults:5)
  A fire dragon (Depths:4)
  A death scarab (Tomb:2)
  An orb spider (Spider:4)
  A two-headed ogre (Vaults:5)
  A jumping spider (Spider:1)
  2 flying skulls (Tomb:2)
  An ogre (Vaults:5)
  A centaur zombie (Ossuary)
  2 mummies
  An adder skeleton (D:8)
  807 fire vortices
  18 fungi
  2 lost souls
  47 plants
  A starspawn tentacle (Zig:10)
890 creatures vanquished.

Grand Total: 5242 creatures vanquished

Notes
Turn   | Place    | Note
--------------------------------------------------------------
     0 | D:1      | zkyp the Deep Elf Arcane Marksman began the quest for the Orb.
     0 | D:1      | Reached XP level 1. HP: 11/11 MP: 5/5
   467 | D:1      | Reached skill level 2 in Spellcasting
   681 | D:1      | Reached XP level 2. HP: 16/16 MP: 7/7
   829 | D:1      | Learned a level 2 spell: Slow
  1327 | D:2      | Found a bloodstained altar of Trog.
  1434 | D:2      | Reached skill level 3 in Spellcasting
  1434 | D:2      | Reached XP level 3. HP: 16/20 MP: 2/9
  1503 | D:2      | Learned a level 3 spell: Gell's Gravitas
  1529 | D:2      | Reached skill level 5 in Hexes
  2366 | D:2      | Reached XP level 4. HP: 24/24 MP: 11/11
  2719 | D:2      | Reached skill level 4 in Spellcasting
  3681 | D:3      | Reached XP level 5. HP: 22/28 MP: 11/13
  3895 | D:3      | Reached skill level 1 in Translocations
  3993 | D:3      | Found a blossoming altar of Fedhas.
  4454 | D:3      | Found an iron altar of Okawaru.
  4670 | D:3      | Reached skill level 5 in Spellcasting
  4680 | D:3      | Noticed Crazy Yiuf
  4734 | D:3      | Killed Crazy Yiuf
  4876 | D:3      | Found a basalt altar of Yredelemnul.
  5133 | D:4      | Found a glowing golden altar of the Shining One.
  5416 | D:4      | Reached XP level 6. HP: 30/33 MP: 13/16
  5449 | D:4      | Reached skill level 6 in Spellcasting
  5952 | D:4      | You fall through a shaft for 2 floors!
  5982 | D:5      | Entered Level 5 of the Dungeon
  6139 | D:4      | Reached XP level 7. HP: 16/37 MP: 16/19
  6384 | D:4      | Reached skill level 7 in Spellcasting
  7192 | D:5      | Reached skill level 1 in Staves
  7263 | D:5      | Found a burning altar of Makhleb.
  7549 | D:5      | Found an iron altar of Okawaru.
  7835 | D:5      | Noticed Menkaure
  7870 | D:5      | Killed Menkaure
  7870 | D:5      | Reached skill level 5 in Staves
  7870 | D:5      | Reached XP level 8. HP: 33/42 MP: 15/20
  7922 | D:5      | Reached skill level 1 in Fighting
  8473 | D:6      | Found a sparkling altar of Nemelex Xobeh.
  8705 | D:6      | Reached skill level 5 in Fighting
  9348 | D:6      | Learned a level 4 spell: Cause Fear
  9351 | D:6      | Learned a level 2 spell: Ensorcelled Hibernation
  9359 | D:7      | Reached XP level 9. HP: 52/54 MP: 21/21
  9382 | D:7      | Found Poxug's Antique Armour Emporium.
  9402 | D:7      | Bought a jewelled ring mail for 234 gold pieces
  9412 | D:7      | Identified the +5 ring mail of Cuneba Zall {rPois rF++ rCorr Str+2} (You bought it in a shop on level 7 of the Dungeon)
  9444 | D:7      | Found Miqahedi's Antique Weapon Shop.
  9567 | D:7      | Reached skill level 1 in Armour
  9691 | D:7      | Found Gyorph's Weapon Shop.
  9749 | D:7      | Gained mutation: Scrolls take you a little longer to read. [mutagenic meat]
  9750 | D:7      | Gained mutation: You are agile. (Dex +2) [mutagenic meat]
  9751 | D:7      | Gained mutation: Your muscles are strong. (Str +2) [mutagenic meat]
  9752 | D:7      | Lost mutation: You are agile. (Dex +2) [mutagenic meat]
  9753 | D:7      | Gained mutation: You are agile. (Dex +2) [mutagenic meat]
  9754 | D:7      | Gained mutation: Your magical capacity is low (-10% MP). [mutagenic meat]
  9755 | D:7      | Lost mutation: Scrolls take you a little longer to read. [potion of cure mutation]
  9755 | D:7      | Lost mutation: You are agile. (Dex +2) [potion of cure mutation]
  9755 | D:7      | Lost mutation: Your magical capacity is low (-10% MP). [potion of cure mutation]
  9755 | D:7      | Lost mutation: Your muscles are strong. (Str +2) [potion of cure mutation]
  9756 | D:7      | Gained mutation: You evolve. [potion of beneficial mutation]
  9899 | D:7      | Found Xicid's Distillery.
  9902 | D:7      | Bought a potion of heal wounds for 55 gold pieces
  9902 | D:7      | Bought a potion of haste for 110 gold pieces
  9904 | D:7      | Found a staircase to the Ecumenical Temple.
 10007 | Temple   | Entered the Ecumenical Temple
 10052 | Temple   | Became a worshipper of Vehumet
 10224 | D:7      | Found Tymeroc's Gadget Shop.
 10277 | D:7      | Gained mutation: You possess an exceptional clarity of mind. [evolution]
 10291 | D:7      | Reached skill level 5 in Armour
 10686 | D:7      | Reached skill level 1 in Shields
 10799 | D:7      | Found an ancient bone altar of Kikubaaqudgha.
 10862 | D:8      | Found Ceuwysiw's Antique Weapon Shoppe.
 10891 | D:8      | Found a sand-covered staircase.
 10896 | Ossuary  | Entered an ossuary
 11204 | Ossuary  | Reached * piety under Vehumet
 11204 | Ossuary  | Offered knowledge of Sting by Vehumet.
 11275 | Ossuary  | Learned a level 1 spell: Sting
 11506 | Ossuary  | Reached XP level 10. HP: 60/60 MP: 17/22
 11512 | Ossuary  | Reached skill level 1 in Conjurations
 11893 | D:8      | Found an oddly glowing altar of Pakellas.
 11927 | D:8      | Found a glowing silver altar of Zin.
 11974 | D:8      | Noticed Erica
 11994 | D:7      | Reached ** piety under Vehumet
 12111 | D:8      | Killed Erica
 12111 | D:8      | Reached skill level 5 in Conjurations
 12140 | D:8      | Offered knowledge of Searing Ray by Vehumet.
 12261 | D:8      | Noticed Uhlv's ghost (novice OgBe)
 12390 | D:7      | Learned a level 2 spell: Searing Ray
 12466 | D:8      | Found an opulent altar of Gozag.
 12675 | D:8      | Killed Uhlv's ghost
 12826 | D:8      | Found a shattered altar of Ashenzari.
 13179 | D:9      | Noticed Denapoli's ghost (novice HOFi)
 13220 | D:8      | Reached skill level 1 in Long Blades
 13536 | D:9      | Offered knowledge of Stone Arrow by Vehumet.
 13543 | D:8      | Learned a level 3 spell: Stone Arrow
 13728 | D:9      | Reached *** piety under Vehumet
 13893 | D:9      | Reached skill level 5 in Long Blades
 14100 | D:9      | Reached XP level 11. HP: 55/64 MP: 21/23
 14146 | D:9      | Noticed a three-headed hydra
 14156 | D:9      | Killed a one-headed hydra
 14339 | D:8      | Learned a level 4 spell: Iskenderun's Mystic Blast
 14891 | D:9      | Noticed Gastronok
 14911 | D:9      | Offered knowledge of Airstrike by Vehumet.
 15150 | D:9      | Killed Gastronok
 15150 | D:9      | Reached skill level 8 in Spellcasting
 15235 | D:9      | Found Laxzyoth's Magic Scroll Shop.
 15442 | D:9      | Bought a scroll of teleportation for 48 gold pieces
 15442 | D:9      | Bought a scroll of teleportation for 48 gold pieces
 15518 | D:9      | Reached skill level 5 in Earth Magic
 15784 | D:9      | Found a staircase to the Lair.
 16018 | D:8      | Reached skill level 9 in Spellcasting
 16035 | D:8      | Learned a level 6 spell: Iron Shot
 16185 | D:9      | Found a bloodstained altar of Trog.
 16456 | D:9      | Found a white marble altar of Elyvilon.
 16456 | D:9      | Gained mutation: You are surrounded by a mild repulsion field (EV +2). [evolution]
 16686 | Lair:1   | Entered Level 1 of the Lair of Beasts
 16754 | Lair:1   | Learned a level 5 spell: Bolt of Magma
 16797 | Lair:1   | Identified the Tome of Contamination and Enhancements
 17002 | Lair:1   | Reached **** piety under Vehumet
 17424 | Lair:1   | Reached skill level 10 in Spellcasting
 17424 | Lair:1   | Reached XP level 12. HP: 69/69 MP: 20/28
 17497 | Lair:1   | Offered knowledge of Olgreb's Toxic Radiance by Vehumet.
 17754 | Lair:1   | You fall through a shaft!
 18390 | Lair:2   | Reached skill level 10 in Conjurations
 18530 | Lair:2   | Reached skill level 11 in Spellcasting
 19305 | Lair:2   | Found a glowing silver altar of Zin.
 19413 | Lair:2   | Reached ***** piety under Vehumet
 19564 | Lair:2   | Offered knowledge of Lightning Bolt by Vehumet.
 19699 | Lair:3   | Noticed a four-headed hydra
 19848 | Lair:3   | Found a hole to the Spider Nest.
 20265 | Lair:3   | Killed a four-headed hydra
 20640 | Lair:3   | Found a staircase to the Shoals.
 20901 | Lair:3   | Reached skill level 10 in Earth Magic
 21060 | Lair:4   | Noticed a seven-headed hydra
 21065 | Lair:4   | Killed a seven-headed hydra
 21228 | Lair:4   | Reached XP level 13. HP: 74/74 MP: 19/30
 21973 | Lair:4   | Reached skill level 1 in Fire Magic
 22913 | Lair:5   | Offered knowledge of Force Lance by Vehumet.
 23413 | Lair:5   | Reached skill level 5 in Fire Magic
 23452 | Lair:5   | Reached skill level 12 in Spellcasting
 24319 | Lair:6   | Gained mutation: Your system is resistant to poisons. [evolution]
 24622 | Lair:6   | Reached skill level 13 in Spellcasting
 25004 | Lair:6   | Found a staircase to the Slime Pits.
 25687 | Lair:7   | Reached skill level 14 in Spellcasting
 26386 | Lair:7   | Reached skill level 15 in Spellcasting
 26747 | Lair:8   | Entered Level 8 of the Lair of Beasts
 26880 | Lair:7   | Lost mutation: You possess an exceptional clarity of mind. [evolution]
 27258 | Lair:8   | Reached XP level 14. HP: 79/79 MP: 29/35
 27262 | Lair:8   | Reached skill level 16 in Spellcasting
 27804 | Lair:8   | Offered knowledge of Poison Arrow by Vehumet.
 28096 | Lair:8   | Reached skill level 17 in Spellcasting
 28510 | Lair:8   | Reached skill level 18 in Spellcasting
 28767 | Lair:8   | Identified the Collected Works on Creative Evil
 28771 | Lair:8   | Got a heavily runed shield
 28983 | Lair:8   | Identified the +5 shield of the Jabberwock {rPois Int+3 Dex+2} (You found it on level 8 of the Lair of Beasts)
 29231 | Lair:1   | Learned a level 7 spell: Orb of Destruction
 29272 | D:10     | Entered Level 10 of the Dungeon
 30179 | D:11     | Reached skill level 19 in Spellcasting
 30206 | D:11     | Gained mutation: You have sharp fingernails. [evolution]
 30615 | D:11     | Found a large runed door.
 30615 | D:11     | Found a large runed door.
 30934 | D:11     | Found a large runed door.
 30934 | D:11     | Found a large runed door.
 31078 | D:11     | Reached skill level 5 in Dodging
 31438 | D:11     | Offered knowledge of Lee's Rapid Deconstruction by Vehumet.
 31698 | D:11     | Got a vibrating steel ring
 31805 | D:12     | Identified the ring of Plog {MR- Str+2 Int+2 Dex+2 SInv} (You took it off a big kobold on level 11 of the Dungeon)
 31909 | D:12     | Found a frozen archway.
 31953 | IceCv    | Entered an ice cave
 32756 | IceCv    | Reached XP level 15. HP: 82/84 MP: 8/40
 33022 | IceCv    | Noticed a frost giant
 33057 | IceCv    | Killed a frost giant
 33771 | D:12     | Found a staircase to the Orcish Mines.
 34455 | Orc:1    | Entered Level 1 of the Orcish Mines
 34459 | Orc:1    | Noticed Maud
 34599 | D:12     | Killed Maud
 35556 | Orc:1    | Offered knowledge of Delayed Fireball by Vehumet.
 35802 | Orc:2    | Entered Level 2 of the Orcish Mines
 36655 | Orc:2    | Found a staircase to the Elven Halls.
 37259 | Orc:2    | Found Siotiot's Food Shoppe.
 37728 | Orc:2    | Found Qumunax's Magic Scroll Emporium.
 38177 | Orc:2    | Reached ****** piety under Vehumet
 38393 | Orc:2    | Offered knowledge of Bolt of Fire by Vehumet.
 39122 | Orc:2    | Found Cemyrph's Antique Armour Shop.
 39122 | Orc:2    | Found Wodurhex's Book Boutique.
 39122 | Orc:2    | Found a one-way gate leading to the halls of Pandemonium.
 39127 | Orc:2    | Bought a glowing helmet for 153 gold pieces
 39162 | Orc:2    | Bought a book of Air for 490 gold pieces
 39165 | Orc:2    | Learned a level 2 spell: Repel Missiles
 39169 | Orc:2    | Learned a level 2 spell: Swiftness
 39259 | Orc:2    | Bought a scroll of recharging for 142 gold pieces
 39259 | Orc:2    | Bought a scroll of recharging for 142 gold pieces
 39259 | Orc:2    | Bought a scroll of identify for 30 gold pieces
 39261 | Orc:2    | Bought a scroll of identify for 30 gold pieces
 39440 | Lair:1   | Gained mutation: You have a pair of small horns on your head. [potion of beneficial mutation]
 39441 | Lair:1   | Gained mutation: You have very sharp fingernails. [potion of beneficial mutation]
 39841 | D:13     | Noticed Maurice
 39844 | D:13     | Killed Maurice
 40181 | D:13     | Noticed Snorg
 40184 | D:13     | Killed Snorg
 40487 | D:13     | Reached skill level 5 in Shields
 40849 | D:13     | Found a gate to the Vaults.
 40970 | D:13     | Found a shimmering altar of Xom.
 41035 | D:13     | Reached XP level 16. HP: 88/88 MP: 26/41
 41171 | D:13     | Lost mutation: You evolve. [end of evolution]
 41559 | D:14     | Offered knowledge of Conjure Ball Lightning by Vehumet.
 42870 | D:15     | Entered Level 15 of the Dungeon
 43139 | D:15     | Reached skill level 1 in Charms
 43226 | D:15     | Reached skill level 1 in Air Magic
 43958 | D:15     | Offered knowledge of Lehudib's Crystal Spear by Vehumet.
 43958 | D:15     | Offered knowledge of Fire Storm by Vehumet.
 43958 | D:15     | Offered knowledge of Chain Lightning by Vehumet.
 43971 | D:15     | Reached skill level 5 in Charms
 44033 | D:15     | Found a staircase to the Depths.
 44845 | Spider:1 | Entered Level 1 of the Spider Nest
 45348 | Lair:3   | Reached skill level 5 in Air Magic
 47092 | Spider:2 | Reached skill level 10 in Shields
 47571 | Spider:2 | Reached XP level 17. HP: 93/93 MP: 30/42
 48723 | Spider:3 | Noticed Jorgrun
 48862 | Spider:2 | Killed Jorgrun
 49332 | Spider:3 | Noticed Kirke
 49344 | Spider:3 | Killed Kirke
 49668 | Spider:4 | Entered Level 4 of the Spider Nest
 49908 | Spider:4 | Noticed Wiglaf
 49930 | Spider:4 | Killed Wiglaf
 52319 | Spider:4 | HP: 4/93 [spark wasp (12)]
 52830 | Spider:4 | Got a gossamer rune of Zot
 53090 | Lair:3   | Identified a +2 pair of boots of running (You found it on level 4 of the Spider Nest)
 53109 | Shoals:1 | Entered Level 1 of the Shoals
 53650 | Shoals:1 | Reached XP level 18. HP: 82/98 MP: 19/43
 55078 | Shoals:2 | You fall through a shaft!
 55486 | Shoals:2 | Identified a scroll of acquirement
 55690 | Shoals:2 | Reached skill level 15 in Shields
 55917 | Shoals:2 | Learned a level 8 spell: Lehudib's Crystal Spear
 55927 | Shoals:2 | Learned a level 9 spell: Fire Storm
 56086 | Shoals:3 | Found Berhoc's Distillery.
 56088 | Shoals:3 | Bought a potion of curing for 48 gold pieces
 56088 | Shoals:3 | Bought a potion of curing for 48 gold pieces
 56088 | Shoals:3 | Bought a potion of curing for 48 gold pieces
 56088 | Shoals:3 | Bought a potion of brilliance for 64 gold pieces
 56088 | Shoals:3 | Bought a potion of brilliance for 64 gold pieces
 56088 | Shoals:3 | Bought a potion of agility for 64 gold pieces
 56088 | Shoals:3 | Bought a potion of haste for 160 gold pieces
 56088 | Shoals:3 | Bought a potion of curing for 48 gold pieces
 57347 | Shoals:4 | Entered Level 4 of the Shoals
 57641 | Shoals:4 | Noticed Ilsuiw
 57647 | Shoals:4 | Killed Ilsuiw
 58330 | Shoals:4 | Reached skill level 10 in Fire Magic
 58501 | Shoals:4 | Got a dazzling broad axe
 58506 | Shoals:4 | Identified the cursed +0 broad axe "Igaw" {freeze, Str+4} (You found it on level 4 of the Shoals)
 59007 | Shoals:4 | Got a barnacled rune of Zot
 59619 | Vaults:1 | Entered Level 1 of the Vaults
 60018 | Vaults:1 | Reached XP level 19. HP: 89/102 MP: 31/44
 60216 | Vaults:1 | Noticed Donald
 60255 | Vaults:1 | Killed Donald
 61151 | Vaults:1 | Got a steaming chain mail
 62988 | Vaults:2 | Reached skill level 15 in Fire Magic
 64892 | Vaults:3 | Found a staircase to the Crypt.
 65004 | Vaults:3 | Noticed Nikola
 65009 | Vaults:3 | Killed Nikola
 65076 | Vaults:3 | Identified Mitzoit's Catalogue of Captivating Stones (You found it on level 3 of the Vaults)
 65271 | Vaults:3 | Found Jisivonuu's Assorted Antiques.
 65279 | Vaults:3 | Bought 3 scrolls of enchant weapon for 810 gold pieces
 65279 | Vaults:3 | Bought a potion of invisibility for 288 gold pieces
 65279 | Vaults:3 | Bought a scroll of identify for 72 gold pieces
 65339 | Vaults:3 | Reached XP level 20. HP: 108/108 MP: 21/45
 67722 | Vaults:4 | Reached skill level 15 in Conjurations
 69219 | Elf:1    | Entered Level 1 of the Elven Halls
 70389 | Elf:1    | Identified Viduaty's Collected Works on Conjuration and the Escort
 70708 | Elf:2    | Reached XP level 21. HP: 112/112 MP: 29/46
 70745 | Elf:2    | Got a steaming war axe
 71057 | Elf:2    | Found a runed gate.
 71057 | Elf:2    | Found a runed gate.
 71057 | Elf:2    | Found a runed gate.
 71628 | Elf:3    | Entered Level 3 of the Elven Halls
 71639 | Elf:3    | Found a magical portal.
 71681 | WizLab   | Entered The Hall of Rucud the Hellbinder
 72361 | WizLab   | Found a burning altar of Makhleb.
 72530 | WizLab   | Identified the Volume of the Entourage (You found it in a wizard's laboratory)
 72582 | WizLab   | Identified Sif Muna's Reference Book on Calling (You found it in a wizard's laboratory)
 74301 | Elf:3    | Got a fine robe
 74340 | Elf:3    | Identified the +1 robe of the Hidden Souls {Dex+4 Stlth+} (You took it off a deep elf elementalist on level 3 of the Elven Halls)
 74767 | Elf:3    | Identified the Guide on Spatial Curses
 74866 | Elf:3    | Identified Sif Muna's Disquisition on Confrontation
 74870 | Elf:3    | Identified the Handbook of Feathers and the Mountains
 74886 | Elf:3    | Learned a level 6 spell: Deflect Missiles
 74890 | Elf:3    | Identified the Guide on Icy Aid (You found it on level 3 of the Elven Halls)
 75614 | Crypt:1  | Entered Level 1 of the Crypt
 76292 | Crypt:1  | Reached XP level 22. HP: 60/116 MP: 8/47
 77486 | Crypt:2  | Noticed Boris
 77497 | Crypt:2  | Killed Boris
 77530 | Crypt:2  | Reached skill level 20 in Spellcasting
 78241 | Crypt:2  | Got a steaming brass ring
 78242 | Crypt:2  | Identified the ring "Vuilyis" {rPois Str+3 Int+3 SInv} (You found it on level 2 of the Crypt)
 78648 | Crypt:2  | Found an ancient bone altar of Kikubaaqudgha.
 79475 | Crypt:2  | Found a basalt altar of Yredelemnul.
 79489 | Crypt:2  | Got a shimmering brass amulet
 79491 | Crypt:2  | Got a sparkling pewter amulet
 79555 | Crypt:3  | Entered Level 3 of the Crypt
 79839 | Crypt:3  | Found a basalt altar of Yredelemnul.
 79982 | Crypt:3  | Identified the amulet "Caerch" {Regen+ Int+2} (You found it on level 2 of the Crypt)
 80575 | Crypt:3  | Found a staircase to the Tomb.
 80628 | Crypt:3  | Noticed Xtahua
 80657 | Crypt:3  | Killed Xtahua
 81160 | Crypt:3  | Reached skill level 21 in Spellcasting
 81690 | Crypt:3  | Got a ring of the Octopus King
 81778 | Crypt:3  | Found an ancient bone altar of Kikubaaqudgha.
 81778 | Crypt:3  | Noticed a greater mummy
 81819 | Crypt:3  | Reached XP level 23. HP: 21/121 MP: 44/50
 81854 | Crypt:3  | Killed a greater mummy
 82183 | Crypt:3  | Found a basalt altar of Yredelemnul.
 82185 | Crypt:3  | Noticed an ancient lich
 82191 | Crypt:3  | Killed an ancient lich
 82880 | Lair:1   | Identified the amulet "Heheul" {*Drain Regen+ Str+3 Dex+4} (You found it on level 2 of the Crypt)
 82884 | Lair:1   | Identified a ring of the Octopus King {MP+9 AC+1 EV+1 Str+1 Int+1 Dex+1} (You took it off an ancient champion on level 3 of the Crypt)
 82923 | Lair:1   | Learned a level 8 spell: Necromutation
 82932 | Lair:1   | Learned a level 8 spell: Borgnjor's Revivification
 83136 | Depths:1 | Entered Level 1 of the Depths
 83475 | Depths:1 | Found a gateway to a ziggurat.
 84775 | Depths:1 | Reached skill level 22 in Spellcasting
 85022 | Depths:1 | Got a shadowed robe
 85131 | Depths:1 | Got a twisted hunting sling
 85534 | Depths:1 | Found a gateway to Hell.
 85652 | Depths:1 | Reached skill level 1 in Necromancy
 85652 | Depths:1 | Reached skill level 1 in Transmutations
 85838 | Zig:1    | Entered Level 1 of a ziggurat
 85873 | Zig:2    | Entered Level 2 of a ziggurat
 85873 | Zig:2    | Noticed a Killer Klown
 85879 | Zig:2    | Killed a Killer Klown
 85909 | Zig:3    | Entered Level 3 of a ziggurat
 85909 | Zig:3    | Noticed an ancient lich
 85912 | Zig:3    | Killed an ancient lich
 85953 | Zig:4    | Entered Level 4 of a ziggurat
 85998 | Zig:4    | Got an iridescent great sword
 86026 | Zig:5    | Entered Level 5 of a ziggurat
 86031 | Zig:5    | Reached skill level 5 in Necromancy
 86073 | Zig:6    | Entered Level 6 of a ziggurat
 86079 | Zig:6    | Reached skill level 5 in Transmutations
 86167 | Zig:6    | Learned a level 3 spell: Regeneration
 86171 | Zig:6    | Identified the Compendium of Context
 86179 | Zig:7    | Entered Level 7 of a ziggurat
 86256 | Zig:7    | Identified the Almanac of Igneous Curses
 86267 | Zig:7    | Got an encrusted shortbow
 86293 | Zig:8    | Entered Level 8 of a ziggurat
 86305 | Zig:8    | Reached XP level 24. HP: 66/126 MP: 51/51
 86469 | Zig:9    | Entered Level 9 of a ziggurat
 86478 | Zig:9    | Noticed an ancient lich
 86482 | Zig:9    | Killed an ancient lich
 86521 | Zig:9    | Learned a level 2 spell: Blink
 86533 | Zig:10   | Entered Level 10 of a ziggurat
 86533 | Zig:10   | Noticed PeterLawrence's ghost (legendary MiFi)
 86541 | Zig:10   | Killed PeterLawrence's ghost
 86758 | Zig:10   | Got a jewelled quarterstaff
 86767 | Zig:10   | Identified Sif Muna's Disquisition on Ice and the Escort
 86783 | Zig:11   | Entered Level 11 of a ziggurat
 86794 | Zig:11   | Reached skill level 10 in Necromancy
 86852 | Zig:11   | Got a smoking hand crossbow
 86873 | Zig:11   | Got a jewelled great sword
 86909 | Zig:12   | Entered Level 12 of a ziggurat
 86924 | Zig:12   | Reached skill level 10 in Transmutations
 86960 | Zig:12   | Got a bloodstained long sword
 86982 | Zig:12   | Identified the Incunabulum of Feathery Intoxication
 88069 | Depths:2 | Noticed Norris
 88076 | Depths:2 | Paralysed by Norris for 5 turns
 88088 | Depths:2 | Paralysed by Norris for 6 turns
 88790 | Depths:2 | Killed Norris
 89033 | Depths:3 | Found Bioqul's Food Shoppe.
 89157 | Depths:3 | Found Podibb's Distillery.
 89252 | Depths:3 | Bought a potion of beneficial mutation for 455 gold pieces
 89252 | Depths:3 | Bought a potion of might for 52 gold pieces
 89252 | Depths:3 | Bought a potion of might for 52 gold pieces
 89252 | Depths:3 | Bought 2 potions of brilliance for 104 gold pieces
 89258 | Depths:3 | Gained mutation: You have sharp toenails. [potion of beneficial mutation]
 89277 | Depths:3 | Found Fekhlycon's Distillery.
 89282 | Depths:3 | Bought a potion of curing for 39 gold pieces
 89282 | Depths:3 | Bought a potion of heal wounds for 65 gold pieces
 89282 | Depths:3 | Bought a potion of curing for 39 gold pieces
 89282 | Depths:3 | Bought a potion of agility for 52 gold pieces
 89282 | Depths:3 | Bought a potion of agility for 52 gold pieces
 89282 | Depths:3 | Bought a potion of brilliance for 52 gold pieces
 89635 | Depths:3 | Reached XP level 25. HP: 131/131 MP: 41/51
 89715 | Depths:3 | Found Tukohyteo's Distillery.
 89720 | Depths:3 | Bought a potion of curing for 66 gold pieces
 89720 | Depths:3 | Bought a potion of curing for 66 gold pieces
 89720 | Depths:3 | Bought a potion of agility for 88 gold pieces
 89720 | Depths:3 | Bought a potion of mutation for 55 gold pieces
 89720 | Depths:3 | Bought a potion of might for 88 gold pieces
 89720 | Depths:3 | Bought a potion of brilliance for 88 gold pieces
 89720 | Depths:3 | Bought a potion of curing for 66 gold pieces
 89720 | Depths:3 | Bought 2 potions of cancellation for 352 gold pieces
 89745 | Depths:3 | Found a runed door.
 89747 | Depths:3 | Found a runed door.
 89879 | Depths:3 | Found a runed warning-scrawled door.
 89944 | Depths:3 | Noticed a juggernaut
 89944 | Depths:3 | Noticed a juggernaut
 89948 | Depths:3 | Killed a juggernaut
 89950 | Depths:3 | Killed a juggernaut
 90395 | Depths:3 | Identified Sif Muna's Collected Works on the Icy Compass (You found it on level 3 of the Depths)
 90660 | Depths:3 | Noticed Jory
 90668 | Depths:3 | Killed Jory
 90681 | Depths:3 | Got a pair of steaming gloves
 90692 | Depths:3 | Identified the +2 pair of gloves of Chimes {-Tele rElec MP+9 Str+5} (You acquired it on level 3 of the Depths)
 90906 | Depths:3 | Reached skill level 15 in Necromancy
 91035 | Depths:3 | Identified the Guide on Earthen Ignition
 91069 | Depths:3 | Identified Sif Muna's Compendium of Assistive Fire (You found it on level 3 of the Depths)
 91376 | Depths:4 | Reached skill level 10 in Dodging
 91860 | Depths:4 | Found a one-way gate to the infinite horrors of the Abyss.
 91917 | Depths:4 | Noticed Sojobo
 91923 | Depths:4 | Killed Sojobo
 92227 | Depths:4 | Reached skill level 15 in Dodging
 92431 | Depths:4 | Found a runed gate.
 92431 | Depths:4 | Found a runed gate.
 92431 | Depths:4 | Found a runed gate.
 92439 | Depths:4 | Noticed a juggernaut
 92459 | Depths:4 | Found a runed gate.
 92599 | Depths:4 | Found a runed gate.
 92599 | Depths:4 | Found a runed gate.
 92631 | Depths:4 | Found Voqa's Armour Boutique.
 92935 | Depths:4 | Killed a juggernaut
 93004 | Depths:4 | Identified a +2 pair of boots of running (You found it on level 4 of the Depths)
 93077 | Depths:5 | Entered Level 5 of the Depths
 93321 | Depths:4 | Reached XP level 26. HP: 92/136 MP: 8/51
 93761 | Depths:5 | Found Moshiwk's One-of-a-Kind Books.
 93778 | Depths:5 | Found Neocev's Antique Weapon Shoppe.
 93816 | Depths:5 | Got a sparkling copper ring
 93817 | Depths:5 | Identified the ring "Ofaplyrow" {rCorr rC+} (You found it on level 5 of the Depths)
 94029 | Depths:5 | Got a crystal long sword
 94180 | Depths:5 | Found a gate to the Realm of Zot.
 94388 | Depths:4 | Reached skill level 15 in Transmutations
 95066 | Vaults:5 | Entered Level 5 of the Vaults
 95337 | Vaults:5 | Got a translucent silver ring
 95462 | Vaults:5 | Got a smoking scimitar
 95547 | Vaults:5 | Got a silver rune of Zot
 95958 | Vaults:5 | Got a shimmering leather armour
 96116 | Vaults:5 | Found Ypeduicaiff's Food Shop.
 96153 | Vaults:5 | Noticed Boris
 96159 | Vaults:5 | Killed Boris
 96268 | Vaults:5 | Identified the ring of Wuont {rF+ AC+2 Stlth+} (You took it off a tengu reaver on level 5 of the Vaults)
 96298 | Vaults:5 | Identified Cawiun's Disquisition on Orientation and Poisoning
 96336 | Vaults:5 | Found Gefux's Distillery.
 96346 | Vaults:5 | Bought a potion of curing for 60 gold pieces
 96346 | Vaults:5 | Bought a potion of heal wounds for 100 gold pieces
 96346 | Vaults:5 | Bought a potion of curing for 60 gold pieces
 96346 | Vaults:5 | Bought a potion of curing for 60 gold pieces
 96346 | Vaults:5 | Bought a potion of haste for 200 gold pieces
 96346 | Vaults:5 | Bought a potion of heal wounds for 100 gold pieces
 96346 | Vaults:5 | Bought a potion of curing for 60 gold pieces
 96346 | Vaults:5 | Bought a potion of heal wounds for 100 gold pieces
 96346 | Vaults:5 | Bought a potion of brilliance for 80 gold pieces
 96346 | Vaults:5 | Bought a potion of agility for 80 gold pieces
 96456 | Vaults:5 | Got a blackened demon blade
 96457 | Vaults:5 | Identified the +1 demon blade of Guile {vamp, rElec rC+ Int-5 Dex+4} (You found it on level 5 of the Vaults)
 96643 | Vaults:5 | Reached XP level 27. HP: 142/142 MP: 14/51
 97161 | Slime:1  | Entered Level 1 of the Pits of Slime
 97614 | Slime:6  | Entered Level 6 of the Pits of Slime
 97628 | Slime:6  | Noticed the Royal Jelly
 97633 | Slime:6  | Killed the Royal Jelly
 97940 | Slime:6  | Gained mutation: Your body sometimes deteriorates upon taking damage. [a shining eye]
 97945 | Slime:6  | Gained mutation: You expend magic power (3 MP) to strengthen your wands. [a shining eye]
 98093 | Slime:6  | Reached skill level 10 in Fighting
 98364 | Slime:6  | Got a slimy rune of Zot
 98367 | Slime:6  | Got a translucent leather armour
 98457 | Slime:6  | Got a clouded jade amulet
 98458 | Slime:6  | Identified the amulet of the Albatross {Faith rN+ Int+3 Stlth-} (You found it on level 6 of the Pits of Slime)
 98485 | Slime:6  | Got a faintly glowing leather armour
 99200 | Zot:1    | Entered Level 1 of the Realm of Zot
 99718 | Zot:1    | Reached skill level 10 in Armour
101805 | Zot:3    | Got a shimmering plate armour
103066 | Zot:4    | Reached skill level 15 in Armour
103361 | Zot:5    | Entered Level 5 of the Realm of Zot
103382 | Zot:5    | Got a slimy great sword
103425 | Zot:5    | Noticed an ancient lich
103428 | Zot:5    | Killed an ancient lich
103504 | Zot:5    | Noticed an ancient lich
103507 | Zot:5    | Killed an ancient lich
103678 | Zot:5    | Noticed an ancient lich
103682 | Zot:5    | Killed an ancient lich
104420 | Zot:5    | Noticed an ancient lich
104423 | Zot:5    | Killed an ancient lich
104442 | Zot:5    | Noticed an ancient lich
104449 | Zot:5    | Killed an ancient lich
104719 | Zot:5    | Noticed an orb of fire
104724 | Zot:5    | Killed an orb of fire
104780 | Zot:5    | Reached skill level 15 in Fighting
104955 | Zot:5    | Noticed an orb of fire
105088 | Zot:5    | Noticed an orb of fire
105091 | Zot:5    | Killed an orb of fire
105109 | Zot:5    | Noticed an orb of fire
105113 | Zot:5    | Killed an orb of fire
105113 | Zot:5    | Reached skill level 23 in Spellcasting
105251 | Zot:5    | Noticed an orb of fire
105254 | Zot:5    | Killed an orb of fire
105291 | Zot:5    | Noticed an orb of fire
105300 | Zot:5    | Killed an orb of fire
105424 | Zot:5    | Killed an orb of fire
105424 | Zot:5    | Reached skill level 24 in Spellcasting
105632 | Zot:5    | Reached skill level 25 in Spellcasting
105770 | Zot:5    | Got a brightly glowing buckler
105771 | Zot:5    | Identified the cursed +0 buckler of Prudence {MR+ Regen+} (You found it on level 5 of the Realm of Zot)
105841 | Zot:5    | Noticed an orb of fire
106575 | Lair:1   | Lost mutation: You have a pair of small horns on your head. [potion of cure mutation]
106575 | Lair:1   | Lost mutation: Your system is resistant to poisons. [potion of cure mutation]
106575 | Lair:1   | Lost mutation: You are surrounded by a mild repulsion field (EV +2). [potion of cure mutation]
106575 | Lair:1   | Lost mutation: You have very sharp fingernails. [potion of cure mutation]
106575 | Lair:1   | Lost mutation: Your body sometimes deteriorates upon taking damage. [potion of cure mutation]
106576 | Lair:1   | Lost mutation: You have sharp toenails. [potion of cure mutation]
106576 | Lair:1   | Lost mutation: You expend magic power (3 MP) to strengthen your wands. [potion of cure mutation]
106576 | Lair:1   | Lost mutation: You have sharp fingernails. [potion of cure mutation]
106689 | Lair:1   | Learned a level 7 spell: Ring of Flames
107181 | Tomb:1   | Entered Level 1 of the Tomb of the Ancients
107411 | Tomb:1   | Noticed a greater mummy
107445 | Tomb:1   | Killed a greater mummy
108391 | Tomb:1   | Noticed a greater mummy
108403 | Tomb:1   | Killed a greater mummy
108639 | Tomb:2   | Noticed a greater mummy
108640 | Tomb:2   | Noticed an ancient lich
108641 | Tomb:2   | Noticed a greater mummy
108649 | Tomb:2   | Noticed a greater mummy
108850 | Tomb:2   | Noticed Shtopit's ghost (veteran DsBe)
108996 | Tomb:1   | Killed an ancient lich
108996 | Tomb:1   | Killed a greater mummy
108998 | Tomb:1   | Killed a greater mummy
108998 | Tomb:1   | Reached skill level 15 in Earth Magic
109083 | Tomb:2   | Killed a greater mummy
109848 | Tomb:1   | Noticed a greater mummy
109848 | Tomb:1   | Noticed a greater mummy
109850 | Tomb:1   | Noticed a greater mummy
109850 | Tomb:1   | Killed a greater mummy
109851 | Tomb:1   | Noticed a greater mummy
109851 | Tomb:1   | Noticed a greater mummy
109852 | Tomb:1   | Killed a greater mummy
109852 | Tomb:1   | Reached skill level 10 in Long Blades
109852 | Tomb:1   | Killed a greater mummy
109855 | Tomb:1   | Killed a greater mummy
109855 | Tomb:1   | Killed a greater mummy
109859 | Tomb:1   | Noticed a greater mummy
110046 | Tomb:1   | Killed a greater mummy
110166 | Tomb:1   | Got a transparent chain mail
110167 | Tomb:1   | Identified the +6 chain mail of the Lost Cities {-Cast MR+ Int+7} (You found it on level 1 of the Tomb of the Ancients)
110179 | Tomb:1   | Noticed a greater mummy
110181 | Tomb:1   | Killed a greater mummy
110224 | Tomb:1   | Noticed a greater mummy
110228 | Tomb:1   | Noticed a greater mummy
110228 | Tomb:1   | Killed a greater mummy
110232 | Tomb:1   | Killed a greater mummy
110238 | Tomb:1   | Noticed a greater mummy
110253 | Tomb:1   | Killed a greater mummy
110417 | Tomb:1   | Noticed a greater mummy
110420 | Tomb:1   | Killed a greater mummy
110442 | Tomb:1   | Noticed a greater mummy
110448 | Tomb:1   | Killed a greater mummy
110477 | Tomb:1   | Noticed a greater mummy
110499 | Tomb:1   | Killed a greater mummy
110665 | Tomb:1   | Noticed a greater mummy
110668 | Tomb:1   | Killed a greater mummy
110674 | Tomb:1   | Noticed a greater mummy
110677 | Tomb:1   | Killed a greater mummy
110986 | Tomb:1   | Noticed a greater mummy
110990 | Tomb:1   | Killed a greater mummy
111036 | Tomb:1   | Noticed a greater mummy
111039 | Tomb:1   | Killed a greater mummy
111236 | Tomb:2   | Reached skill level 1 in Evocations
111243 | Tomb:2   | Killed Shtopit's ghost
111571 | Tomb:3   | Entered Level 3 of the Tomb of the Ancients
111611 | Tomb:3   | Reached skill level 5 in Evocations
111624 | Tomb:3   | Noticed a greater mummy
111628 | Tomb:3   | Killed a greater mummy
111636 | Tomb:3   | Noticed a greater mummy
111639 | Tomb:3   | Killed a greater mummy
111640 | Tomb:3   | Killed a greater mummy
111650 | Tomb:3   | Noticed a greater mummy
111652 | Tomb:3   | Killed a greater mummy
111652 | Tomb:3   | Reached skill level 10 in Evocations
111840 | Tomb:3   | Noticed a greater mummy
111842 | Tomb:3   | Killed a greater mummy
112037 | Tomb:3   | Noticed a greater mummy
112038 | Tomb:3   | Killed a greater mummy
112204 | Tomb:3   | Noticed a greater mummy
112206 | Tomb:3   | Noticed a greater mummy
112207 | Tomb:3   | Killed a greater mummy
112207 | Tomb:3   | Killed a greater mummy
112218 | Tomb:3   | Noticed a greater mummy
112221 | Tomb:3   | Killed a greater mummy
112429 | Tomb:3   | Got a faintly humming scale mail
112446 | Tomb:3   | Got a warped war axe {freeze}
112461 | Tomb:3   | Identified the +2 scale mail of Incorporation {Str+3} (You found it on level 3 of the Tomb of the Ancients)
112530 | Tomb:3   | Got a golden rune of Zot
112561 | Tomb:3   | Noticed Frederick
112566 | Tomb:3   | Killed Frederick
112630 | Tomb:3   | Got an ivory trident
112632 | Tomb:3   | Got a pitted ivory ring
112638 | Tomb:3   | Got a crude scale mail
112641 | Tomb:3   | Identified the +8 scale mail of Claustrophobia {rElec Str+3} (You found it on level 3 of the Tomb of the Ancients)
112699 | Tomb:3   | Got a bound bronze amulet
112704 | Tomb:3   | Got a translucent broad axe
112707 | Tomb:3   | Got a slimy short sword
112715 | Tomb:3   | Got a bone spear
112780 | Tomb:3   | Identified the amulet "Ettich" {Reflect MR- Int+2 Slay+2 SH+2} (You found it on level 3 of the Tomb of the Ancients)
112781 | Tomb:3   | Identified the ring of Umifeh {rElec rF+ Int+5 Slay-4 Stlth+} (You found it on level 3 of the Tomb of the Ancients)
114808 | Zig:1    | Entered Level 1 of a ziggurat
114826 | Zig:2    | Entered Level 2 of a ziggurat
114845 | Zig:3    | Entered Level 3 of a ziggurat
114845 | Zig:3    | Noticed Tassos Upliz the pandemonium lord
114848 | Zig:3    | Killed Tassos Upliz the pandemonium lord
114877 | Zig:4    | Entered Level 4 of a ziggurat
114900 | Zig:4    | Got a flickering glass ring
114910 | Zig:4    | Got a faintly glowing buckler
114911 | Zig:4    | Identified the +2 buckler "Koddiut" {+Fly rN+ rCorr Str-3} (You acquired it on level 4 of a ziggurat)
114912 | Zig:4    | Identified the ring of Etumurop {rPois MR+ Str+2} (You found it on level 4 of a ziggurat)
114920 | Zig:5    | Entered Level 5 of a ziggurat
115000 | Zig:5    | Got a faintly glowing fire dragon armour
115001 | Zig:5    | Identified the cursed +0 fire dragon armour of the Exiled Runes {+Blink rF++ rC- MR- Int+5 Stlth+} (You found it on level 5 of a ziggurat)
115055 | Zig:6    | Entered Level 6 of a ziggurat
115094 | Zig:6    | Identified the Compendium of Scorching Benedictions
115102 | Zig:7    | Entered Level 7 of a ziggurat
115147 | Zig:8    | Entered Level 8 of a ziggurat
115154 | Zig:8    | Reached skill level 15 in Evocations
115201 | Zig:9    | Entered Level 9 of a ziggurat
115209 | Zig:9    | Noticed a greater mummy
115211 | Zig:9    | Noticed a greater mummy
115211 | Zig:9    | Killed a greater mummy
115213 | Zig:9    | Killed a greater mummy
115238 | Zig:9    | Got a smoking steel ring
115243 | Zig:9    | Got a bloodstained whip
115294 | Zig:9    | Identified the ring of Unwom {*Tele *Corrode Dex+2 SInv} (You found it on level 9 of a ziggurat)
115321 | Zig:10   | Entered Level 10 of a ziggurat
115359 | Zig:10   | Got a crude mace
115388 | Zig:11   | Entered Level 11 of a ziggurat
115432 | Zig:11   | Identified the Grimoire of Combat Magic and the Entourage
115450 | Zig:11   | Got a scorched war axe
115484 | Zig:12   | Entered Level 12 of a ziggurat
115661 | Zig:13   | Entered Level 13 of a ziggurat
115675 | Zig:13   | Reached skill level 26 in Spellcasting
115903 | Zig:14   | Entered Level 14 of a ziggurat
115996 | Zig:14   | Got a slimy long sword
116012 | Zig:14   | Gained mutation: You are resistant to hostile enchantments. [potion of beneficial mutation]
116037 | Zig:15   | Entered Level 15 of a ziggurat
116216 | Zig:15   | Got a twitching iron ring
116231 | Zig:15   | Identified the ring "Ynuich" {*Tele Str+4 Int-2 Dex+3} (You found it on level 15 of a ziggurat)
116260 | Zig:16   | Entered Level 16 of a ziggurat
116278 | Zig:16   | Noticed Caenn the pandemonium lord
116280 | Zig:16   | Reached skill level 27 in Spellcasting
116283 | Zig:16   | Killed Caenn the pandemonium lord
116333 | Zig:16   | Got a translucent glass ring
116341 | Zig:16   | Got a coiled glass ring
116346 | Zig:16   | Got a jewelled swamp dragon armour
116370 | Zig:16   | Identified the ring "Keathriq" {EV+1 Int+2 SInv} (You found it on level 16 of a ziggurat)
116371 | Zig:16   | Identified the ring of Menosob {*Contam +Blink Str+2 Dex+4 SInv} (You found it on level 16 of a ziggurat)
116376 | Zig:16   | Identified the +5 swamp dragon armour of the Moon {rPois Regen+ SInv} (You found it on level 16 of a ziggurat)
116446 | Zig:17   | Entered Level 17 of a ziggurat
116618 | Zig:17   | Got a heavily runed large shield
116625 | Zig:17   | Identified the +4 large shield of Modesty {rCorr Int-3 Slay+6} (You took it off a daeva on level 17 of a ziggurat)
116673 | Zig:17   | Identified the Compendium of Ashen Poison
116681 | Zig:17   | Got a faintly glowing mace
116688 | Zig:17   | Got an ancient leather armour
116749 | Zig:18   | Entered Level 18 of a ziggurat
116769 | Zig:18   | Noticed Numeneg the pandemonium lord
116769 | Zig:18   | Noticed Joojeros the pandemonium lord
116769 | Zig:18   | Noticed Niatein the pandemonium lord
116771 | Zig:18   | Noticed Cureif the pandemonium lord
116772 | Zig:18   | Killed Numeneg the pandemonium lord
116772 | Zig:18   | Reached skill level 10 in Charms
116773 | Zig:18   | Killed Joojeros the pandemonium lord
116774 | Zig:18   | Noticed Mihurchi the pandemonium lord
116774 | Zig:18   | Killed Cureif the pandemonium lord
116776 | Zig:18   | Killed Mihurchi the pandemonium lord
116776 | Zig:18   | Killed Niatein the pandemonium lord
116777 | Zig:18   | Noticed Nemihuse the pandemonium lord
116777 | Zig:18   | Noticed Heteox the pandemonium lord
116779 | Zig:18   | Killed Nemihuse the pandemonium lord
116779 | Zig:18   | Killed Heteox the pandemonium lord
116806 | Zig:18   | Identified Sif Muna's Collected Works on the Glacier and Curses
116815 | Zig:18   | Got a bound granite ring
116816 | Zig:18   | Identified the ring "Woasm" {rElec MP-9 EV+1 Int+4} (You found it on level 18 of a ziggurat)
116819 | Zig:18   | Got an ancient rapier
116836 | Zig:18   | Reached skill level 15 in Charms
116917 | Zig:19   | Entered Level 19 of a ziggurat
117020 | Zig:19   | Identified the Catalogue of Aerial Displacement
117038 | Zig:19   | Got a bloodstained greatsling
117083 | Zig:19   | Learned a level 5 spell: Silence
117085 | Zig:20   | Entered Level 20 of a ziggurat
117106 | Zig:20   | Noticed an ancient lich
117110 | Zig:20   | Killed an ancient lich
117156 | Zig:20   | Got a jewelled falchion
117159 | Zig:20   | Got a dazzling arbalest
117166 | Zig:20   | Got a dazzling ring mail
117178 | Zig:20   | Got a crude hand axe
117181 | Zig:20   | Got a sparkling iron ring
117189 | Zig:20   | Identified the ring of Jiodwadd {AC+5 Int+2} (You found it on level 20 of a ziggurat)
117277 | Zig:21   | Entered Level 21 of a ziggurat
117402 | Zig:21   | Got a polished hand axe
117505 | Zig:22   | Entered Level 22 of a ziggurat
117546 | Zig:22   | Reached skill level 15 in Long Blades
117683 | Zig:22   | Got an ancient blowgun
117687 | Zig:22   | Identified Kik Quwi's Papyrus of Enchantment (You found it on level 22 of a ziggurat)
117694 | Zig:22   | Got a shimmering platinum ring
117695 | Zig:22   | Identified the ring "Itreh" {rPois MR- Dex+5 Stlth-} (You found it on level 22 of a ziggurat)
117826 | Zig:23   | Entered Level 23 of a ziggurat
117929 | Zig:23   | Got a warped mace
117942 | Zig:23   | Got a transparent mace
117956 | Zig:23   | Got a heavily runed leather armour
117959 | Zig:23   | Got a heavily runed silver ring
117960 | Zig:23   | Identified the ring of Qag Agh {rElec MP+9 Dex+3} (You found it on level 23 of a ziggurat)
118029 | Zig:24   | Entered Level 24 of a ziggurat
118167 | Zig:24   | Learned a level 6 spell: Haste
118168 | Zig:24   | Got a faintly glowing scale mail
118174 | Zig:24   | Got a twisted whip
118177 | Zig:24   | Got a smoking spear
118213 | Zig:24   | Got a warped bronze ring
118214 | Zig:24   | Identified the ring of Limitation {Wiz Str+7 Int+4} (You found it on level 24 of a ziggurat)
118298 | Zig:25   | Entered Level 25 of a ziggurat
118315 | Zig:25   | Noticed an ancient lich
118316 | Zig:25   | Noticed an ancient lich
118319 | Zig:25   | Killed an ancient lich
118319 | Zig:25   | Killed an ancient lich
118332 | Zig:25   | Noticed an ancient lich
118339 | Zig:25   | Killed an ancient lich
118416 | Zig:25   | Got a glittering bronze ring
118423 | Zig:25   | Got an ancient war axe
118430 | Zig:25   | Got a polished mace
118438 | Zig:25   | Got a pair of brightly glowing boots
118449 | Zig:25   | Identified the +1 pair of boots of the Fiend {Regen+ rCorr Str+6 Dex-2} (You found it on level 25 of a ziggurat)
118594 | Zig:26   | Entered Level 26 of a ziggurat
118613 | Zig:26   | Noticed Ukhothou the pandemonium lord
118618 | Zig:26   | Noticed Teaps the pandemonium lord
118621 | Zig:26   | Noticed Ataroytz the pandemonium lord
118621 | Zig:26   | Killed Ukhothou the pandemonium lord
118625 | Zig:26   | Noticed Teleesas the pandemonium lord
118625 | Zig:26   | Noticed Gotug the pandemonium lord
118626 | Zig:26   | Noticed Zeocw the pandemonium lord
118627 | Zig:26   | Noticed Seigot the pandemonium lord
118627 | Zig:26   | Noticed Lotraz the pandemonium lord
118627 | Zig:26   | Noticed Eqi Xag the pandemonium lord
118627 | Zig:26   | Noticed Ufeubiro the pandemonium lord
118627 | Zig:26   | Noticed Juasit the pandemonium lord
118628 | Zig:26   | Noticed Iwod the pandemonium lord
118630 | Zig:26   | Noticed Gip Lume the pandemonium lord
118630 | Zig:26   | Noticed Abats the pandemonium lord
118630 | Zig:26   | Killed Iwod the pandemonium lord
118630 | Zig:26   | Killed Juasit the pandemonium lord
118631 | Zig:26   | Noticed Sacach the pandemonium lord
118631 | Zig:26   | Noticed Icsoniug the pandemonium lord
118632 | Zig:26   | Killed Teleesas the pandemonium lord
118636 | Zig:26   | Killed Ufeubiro the pandemonium lord
118636 | Zig:26   | Killed Seigot the pandemonium lord
118648 | Zig:26   | Killed Eqi Xag the pandemonium lord
118652 | Zig:26   | Killed Gip Lume the pandemonium lord
118653 | Zig:26   | Noticed Irigh the pandemonium lord
118657 | Zig:26   | Blown up by Gip Lume

Skill      XL: |  1  2  3  4  5  6  7  8  9 10 11 12 13 14 15 16 17 18 19 20 21 22 23 24 25 26 27 |
---------------+----------------------------------------------------------------------------------+-----
Spellcasting   | 2 3 4 5 6 7 10 11 15 19 21 22 27 | 27.0
Hexes          | 5 6 |  6.0
Translocations | 2 4 |  4.6
Staves         | 5 |  5.3
Fighting       | 5 6 19 | 19.8
Armour         | 5 18 | 18.5
Shields        | 4 5 10 14 15 | 15.0
Conjurations   | 7 9 11 14 16 20 21 23 | 23.4
Long Blades    | 5 19 | 19.2
Earth Magic    | 7 10 12 23 | 23.4
Fire Magic     | 5 12 17 19 20 21 22 | 22.7
Dodging        | 7 8 18 | 18.0
Charms         | 5 16 | 16.9
Air Magic      | 5 |  5.2
Necromancy     | 7 13 15 18 23 | 23.0
Transmutations | 6 12 14 17 | 17.5
Evocations     | 16 | 16.4
Throwing       | |  2.0

Action                   |  1- 3 |  4- 6 |  7- 9 | 10-12 | 13-15 | 16-18 | 19-21 | 22-24 | 25-27 || total
-------------------------+-------+-------+-------+-------+-------+-------+-------+-------+-------++-------
Melee: Spear             |   106 |   211 |    40 |       |       |       |       |       |       ||   357
       Mace              |     5 |       |       |       |       |       |       |       |       ||     5
       Quarterstaff      |       |       |   554 |       |       |       |       |       |       ||   554
       Dagger            |       |       |    26 |    56 |       |       |       |       |       ||    82
       Scimitar          |       |       |       |   293 |   394 |       |       |       |       ||   687
       Demon blade       |       |       |       |       |    14 |   194 |   308 |    54 |   391 ||   961
       Headbutt          |       |       |       |       |     2 |    37 |    58 |    14 |    54 ||   165
       Staff             |       |       |       |       |       |     5 |    19 |     3 |     7 ||    34
       Double sword      |       |       |       |       |       |       |       |       |    49 ||    49
Throw: Javelin           |     1 |    21 |    13 |     3 |       |       |       |       |       ||    38
       Tomahawk          |       |     1 |       |       |       |       |       |       |       ||     1
 Cast: Corona            |    17 |    21 |    45 |     8 |       |       |       |       |       ||    91
       Slow              |     3 |    26 |    53 |    23 |     1 |       |       |       |       ||   106
       Gell's Gravitas   |       |     6 |     3 |       |       |       |       |       |       ||     9
       Ensorcelled Hiber |       |       |    23 |     9 |       |       |       |       |       ||    32
       Cause Fear        |       |       |     1 |     4 |     2 |     2 |     1 |     1 |       ||    11
       Sting             |       |       |       |   186 |       |     2 |       |       |       ||   188
       Searing Ray       |       |       |       |     6 |       |       |       |       |       ||     6
       Iskenderun's Myst |       |       |       |   198 |     7 |     1 |       |       |       ||   206
       Bolt of Magma     |       |       |       |    37 |   145 |   120 |    66 |     2 |    15 ||   385
       Stone Arrow       |       |       |       |     1 |       |       |       |       |       ||     1
       Iron Shot         |       |       |       |       |   519 |   747 |   704 |   595 |   548 ||  3113
       Repel Missiles    |       |       |       |       |     1 |     3 |     2 |       |       ||     6
       Orb of Destructio |       |       |       |       |       |     8 |       |       |       ||     8
       Fire Storm        |       |       |       |       |       |       |     2 |    72 |   461 ||   535
       Lehudib's Crystal |       |       |       |       |       |       |     3 |    16 |   212 ||   231
       Deflect Missiles  |       |       |       |       |       |       |     1 |     1 |     5 ||     7
       Swiftness         |       |       |       |       |       |       |       |     1 |       ||     1
       Necromutation     |       |       |       |       |       |       |       |     3 |   159 ||   162
       Blink             |       |       |       |       |       |       |       |       |    18 ||    18
       Ring of Flames    |       |       |       |       |       |       |       |       |     3 ||     3
       Haste             |       |       |       |       |       |       |       |       |     2 ||     2
 Abil: End Transformatio |       |       |       |       |       |       |       |       |     2 ||     2
Evoke: Wand              |       |       |       |     3 |       |     1 |       |     1 |    19 ||    24
       Staff of energy   |       |       |       |       |       |       |       |       |     5 ||     5
       Figurine of a zig |       |       |       |       |       |       |       |       |     1 ||     1
  Use: Potion            |       |     4 |     2 |     2 |     4 |    10 |     5 |     7 |    18 ||    52
       Scroll            |       |       |     9 |    22 |    15 |    19 |    18 |    17 |    72 ||   172
 Stab: Sleeping          |     1 |       |     8 |     2 |       |       |       |       |       ||    11
       Distracted        |       |     1 |       |       |       |       |       |       |       ||     1
       Confused          |       |       |     2 |       |       |       |       |       |       ||     2
       Petrified         |       |       |     5 |       |       |       |       |       |       ||     5
       Paralysed         |       |       |     3 |       |       |       |       |       |       ||     3
       Petrifying        |       |       |     2 |       |       |       |       |       |       ||     2
  Eat: Chunk             |     5 |    12 |    22 |    32 |    65 |    32 |    24 |     5 |       ||   197
       Pizza             |       |       |     1 |     1 |     1 |     1 |     1 |     1 |     2 ||     8
       Beef jerky        |       |       |       |     2 |     1 |     3 |     1 |     1 |     3 ||    11
       Royal jelly       |       |       |       |     1 |     4 |     3 |     3 |    10 |     2 ||    23
       Fruit             |       |       |       |       |     4 |       |       |       |     8 ||    12
       Meat ration       |       |       |       |       |     2 |     3 |     2 |     2 |     4 ||    13
       Bread ration      |       |       |       |       |       |       |     1 |     3 |     6 ||    10
Armor: Robe              |    13 |    25 |    44 |       |       |       |       |       |       ||    82
       Ring mail         |       |       |   146 |   202 |   287 |   176 |   142 |    37 |   195 ||  1185
       Pearl dragon armo |       |       |       |       |       |       |       |       |    29 ||    29
Dodge: Dodged            |    58 |   116 |   328 |   290 |   499 |   313 |   229 |    88 |   598 ||  2519
       Deflected         |       |       |       |       |     6 |    42 |    28 |    16 |    87 ||   179
Block: Buckler           |       |       |     1 |   119 |   180 |   176 |       |       |       ||   476
       Shield            |       |       |       |       |       |   121 |   464 |   152 |   756 ||  1493
